SL
CHATTANOOGA LOOKOUTS @ JACKSONVILLE JUMBO SHRIMP
04/11/2024
 
TOP OF THE 1ST
Chattanooga Lookouts batting - Pitching for Jacksonville Jumbo Shrimp : RHP Ryan Garcia
Pitching: RHP Ryan Garcia
Batting: RHB José Cordero 0-0: Foul Ball, location: 9LDF
0-1: Fly out, F7 (Flyball, 78M, EV 91.9 MPH)
Batting: RHB Jeffery Hoffman 0-0: Ball
1-0: Ball
2-0: Ground out 5-3 (Groundball, 56, EV 100.0 MPH)
Batting: RHB Nick Yorke 0-0: Called Strike
0-1: Foul Ball, location: 2F
0-2: Fly out, F7 (Flyball, 7D, EV 101.3 MPH)
Top of the 1st over - 0 runs, 0 hits, 0 errors, 0 left on base; Chattanooga 0 - Jacksonville 0
BOTTOM OF THE 1ST
Jacksonville Jumbo Shrimp batting - Pitching for Chattanooga Lookouts : LHP Carson Whisenhunt
Pitching: LHP Carson Whisenhunt
Batting: LHB Petey Halpin 0-0: Ball
1-0: Ball
2-0: Ball
3-0: Called Strike
3-1: Fly out, F8 (Flyball, 89M, EV 91.9 MPH)
Batting: RHB Zach Neto 0-0: Called Strike
0-1: Fly out, F8 (Line Drive, 89M, EV 88.1 MPH)
Batting: SHB Brayan Rocchio 0-0: Foul Ball, location: 9LDF
0-1: Reached on error, E5 (Groundball, 56, EV 95.0 MPH)
Batting: RHB Steve Powell 0-0: SINGLE (Groundball, 6MD, EV 98.8 MPH)
Brayan Rocchio to second
Runner from 2nd tries for 3rd, SAFE, no throw by CF
Batting: RHB Matt Neal 0-0: Called Strike
0-1: Ball
1-1: Ball
2-1: Ball
3-1: Ground out 4-3 (Groundball, 4, EV 88.1 MPH)
Bottom of the 1st over - 0 runs, 1 hit, 1 error, 2 left on base; Chattanooga 0 - Jacksonville 0
TOP OF THE 2ND
Chattanooga Lookouts batting - Pitching for Jacksonville Jumbo Shrimp : RHP Ryan Garcia
Batting: RHB Jordyn Adams 0-0: Called Strike
0-1: Foul Ball, location: 3F
0-2: Ball
1-2: Strikes out looking
Batting: LHB Eric Rodriguez 0-0: Called Strike
0-1: Ball
1-1: Swinging Strike
1-2: Ball
2-2: Ball
3-2: Fly out, F3 (Line Drive, 3, EV 68.1 MPH)
Batting: SHB Nasim Nunez 0-0: Ball
1-0: Ball
2-0: Called Strike
2-1: Foul Ball, location: 23F
2-2: Foul Ball, location: 7LSF
2-2: Ball
3-2: Ground out 6-3 (Groundball, 6, EV 84.4 MPH)
Top of the 2nd over - 0 runs, 0 hits, 0 errors, 0 left on base; Chattanooga 0 - Jacksonville 0
BOTTOM OF THE 2ND
Jacksonville Jumbo Shrimp batting - Pitching for Chattanooga Lookouts : LHP Carson Whisenhunt
Batting: RHB Reid Thompson 0-0: Ball
1-0: SINGLE (Groundball, 6M, EV 99.4 MPH) (infield hit)
Batting: RHB Pedro Ochoa 0-0: Bunt missed!
0-1: Ball
1-1: Bunted foul
1-2: Strikes out swinging
Batting: LHB Travis Richardson 0-0: Ball
1-0: Ball
2-0: Ball
3-0: Base on Balls
Reid Thompson to second
Batting: LHB Max Romero Jr. 0-0: Ball
1-0: Ball
Reid Thompson steals 3rd base (no throw)
Travis Richardson to second
2-0: Called Strike
2-1: SINGLE (Line Drive, 9LS, EV 87.5 MPH)
Reid Thompson scores
Travis Richardson to third
Batting: LHB Petey Halpin 0-0: Swinging Strike
0-1: Foul Ball, location: 5F
0-2: Ball
1-2: Ball
Wild Pitch!
Travis Richardson scores
Max Romero Jr. to second
2-2: Ball
3-2: Strikes out swinging
Batting: RHB Zach Neto 0-0: Called Strike
0-1: Ball
1-1: SINGLE (Flyball, 3D, EV 93.8 MPH)
Max Romero Jr. to third
Runner from 3rd tries for Home, SAFE, throw by RF to home
Batting: SHB Brayan Rocchio 0-0: Ball
1-0: Ball
2-0: Foul Ball, location: 5F
2-1: SINGLE (Line Drive, 9LS, EV 93.8 MPH)
Zach Neto to second
Runner from 2nd tries for 3rd, SAFE, no throw by RF
Batting: RHB Steve Powell 0-0: Called Strike
0-1: Foul Ball, location: 9LDF
0-2: Strikes out swinging
Bottom of the 2nd over - 3 runs, 4 hits, 0 errors, 2 left on base; Chattanooga 0 - Jacksonville 3
TOP OF THE 3RD
Chattanooga Lookouts batting - Pitching for Jacksonville Jumbo Shrimp : RHP Ryan Garcia
Batting: SHB Cal Conley 0-0: Called Strike
0-1: Ball
1-1: Ball
2-1: Swinging Strike
2-2: Ball
3-2: Ground out 5-3 (Groundball, 15, EV 86.9 MPH)
Batting: RHB Bubba Thompson 0-0: Foul Ball, location: 9LMF
0-1: SINGLE (Line Drive, 7S, EV 103.1 MPH)
Batting: RHB Will Banfield 0-0: Ball
1-0: Foul Ball, location: 3F
1-1: Ball
2-1: Ball
3-1: Foul Ball, location: 2F
3-2: Grounds into double play, 5-4-3 (Groundball, 56S, EV 78.1 MPH)
Top of the 3rd over - 0 runs, 1 hit, 0 errors, 0 left on base; Chattanooga 0 - Jacksonville 3
BOTTOM OF THE 3RD
Jacksonville Jumbo Shrimp batting - Pitching for Chattanooga Lookouts : LHP Carson Whisenhunt
Batting: RHB Matt Neal 0-0: Called Strike
0-1: Called Strike
0-2: Fly out, F8 (Flyball, 78D, EV 88.1 MPH)
Batting: RHB Reid Thompson 0-0: Swinging Strike
0-1: Ball
1-1: Ground out 6-3 (Groundball, 6, EV 84.4 MPH)
Batting: RHB Pedro Ochoa 0-0: Ground out 6-3 (Groundball, 6, EV 92.5 MPH)
Bottom of the 3rd over - 0 runs, 0 hits, 0 errors, 0 left on base; Chattanooga 0 - Jacksonville 3
TOP OF THE 4TH
Chattanooga Lookouts batting - Pitching for Jacksonville Jumbo Shrimp : RHP Ryan Garcia
Batting: RHB José Cordero 0-0: Ball
1-0: Called Strike
1-1: Ball
2-1: Swinging Strike
2-2: Fly out, F8 (Flyball, 8LD, EV 107.5 MPH)
Batting: RHB Jeffery Hoffman 0-0: Called Strike
0-1: Ball
1-1: Called Strike
1-2: Fly out, F7 (Flyball, 78S, EV 93.1 MPH)
Batting: RHB Nick Yorke 0-0: Ball
1-0: Called Strike
1-1: Foul Ball, location: 25F
1-2: Ball
2-2: Ground out 5-3 (Groundball, 56, EV 90.0 MPH)
Top of the 4th over - 0 runs, 0 hits, 0 errors, 0 left on base; Chattanooga 0 - Jacksonville 3
BOTTOM OF THE 4TH
Jacksonville Jumbo Shrimp batting - Pitching for Chattanooga Lookouts : LHP Carson Whisenhunt
Batting: LHB Travis Richardson 0-0: Ball
1-0: Called Strike
1-1: Foul Ball, location: 2F
1-2: Foul Ball, location: 7LMF
1-2: Ball
2-2: Fly out, F5 (Popup, 25, EV 83.1 MPH)
Batting: LHB Max Romero Jr. 0-0: Called Strike
0-1: Ball
1-1: Ball
2-1: Swinging Strike
2-2: Fly out, F8 (Flyball, 8RXD, EV 93.1 MPH)
Batting: LHB Petey Halpin 0-0: Ball
1-0: Called Strike
1-1: Fly out, F2 (Popup, 23F, EV 80.6 MPH)
Bottom of the 4th over - 0 runs, 0 hits, 0 errors, 0 left on base; Chattanooga 0 - Jacksonville 3
TOP OF THE 5TH
Chattanooga Lookouts batting - Pitching for Jacksonville Jumbo Shrimp : RHP Ryan Garcia
Batting: RHB Jordyn Adams 0-0: Fly out, F7 (Flyball, 7S, EV 93.8 MPH)
Batting: LHB Eric Rodriguez 0-0: Foul Ball, location: 9LSF
0-1: Ball
1-1: Foul Ball, location: 5F
1-2: Ground out U3 (Groundball, 3, EV 83.8 MPH)
Batting: SHB Nasim Nunez 0-0: Ball
1-0: Ball
2-0: Called Strike
2-1: Ball
3-1: Foul Ball, location: 23F
3-2: Strikes out looking
Top of the 5th over - 0 runs, 0 hits, 0 errors, 0 left on base; Chattanooga 0 - Jacksonville 3
BOTTOM OF THE 5TH
Jacksonville Jumbo Shrimp batting - Pitching for Chattanooga Lookouts : LHP Carson Whisenhunt
Batting: RHB Zach Neto 0-0: Ball
1-0: SINGLE (Line Drive, 8RS, EV 97.5 MPH)
Batting: SHB Brayan Rocchio 0-0: Called Strike
0-1: Ball
1-1: Foul Ball, location: 2F
1-2: Foul Ball, location: 2F
1-2: Ball
2-2: Ball
3-2: Grounds into double play, 6-4-3 (Groundball, 6, EV 103.1 MPH)
Batting: RHB Steve Powell 0-0: Ground out 3-1 (Groundball, 34S, EV 78.1 MPH)
Bottom of the 5th over - 0 runs, 1 hit, 0 errors, 0 left on base; Chattanooga 0 - Jacksonville 3
TOP OF THE 6TH
Chattanooga Lookouts batting - Pitching for Jacksonville Jumbo Shrimp : RHP Ryan Garcia
Batting: SHB Cal Conley 0-0: Foul Ball, location: 2F
0-1: Foul Ball, location: 5F
0-2: Foul Ball, location: 2F
0-2: Ball
1-2: Foul Ball, location: 25FF
1-2: Foul Ball, location: 7LDF
1-2: Fly out, F7 (Flyball, 7LM, EV 96.9 MPH)
Batting: RHB Bubba Thompson 0-0: Fly out, F9 (Flyball, 9D, EV 102.5 MPH)
Batting: RHB Will Banfield 0-0: Ball
1-0: Foul Ball, location: 9LSF
1-1: Ball
2-1: Fly out, F7 (Flyball, 78D, EV 83.1 MPH)
Top of the 6th over - 0 runs, 0 hits, 0 errors, 0 left on base; Chattanooga 0 - Jacksonville 3
BOTTOM OF THE 6TH
Jacksonville Jumbo Shrimp batting - Pitching for Chattanooga Lookouts : LHP Carson Whisenhunt
Batting: RHB Matt Neal 0-0: Ball
1-0: Foul Ball, location: 5F
1-1: Foul Ball, location: 2F
1-2: Ball
2-2: Ground out 5-3 (Groundball, 56, EV 88.8 MPH)
Batting: RHB Reid Thompson 0-0: Ball
1-0: SINGLE (Groundball, 4M, EV 100.0 MPH) (infield hit)
Batting: RHB Pedro Ochoa 0-0: Called Strike
0-1: Ball
1-1: Ball
2-1: Ball
3-1: Base on Balls
Reid Thompson to second
Batting: LHB Travis Richardson 0-0: Foul Ball, location: 2LF
0-1: Called Strike
0-2: Strikes out swinging
Batting: LHB Max Romero Jr. 0-0: Ball
1-0: Ball
2-0: Foul Ball, location: 7LDF
2-1: Ball
3-1: Swinging Strike
3-2: Base on Balls
Reid Thompson to third
Pedro Ochoa to second
Pitching: RHP Enrique Llaque
Batting: LHB Petey Halpin 0-0: Foul Ball, location: 7LSF
0-1: Foul Ball, location: 2F
0-2: Strikes out looking
Bottom of the 6th over - 0 runs, 1 hit, 0 errors, 3 left on base; Chattanooga 0 - Jacksonville 3
TOP OF THE 7TH
Chattanooga Lookouts batting - Pitching for Jacksonville Jumbo Shrimp : RHP Ryan Garcia
Batting: RHB José Cordero 0-0: Ball
1-0: Foul Ball, location: 2F
1-1: Ball
2-1: Fly out, F7 (Flyball, 7, EV 78.8 MPH)
Batting: RHB Jeffery Hoffman 0-0: Ground out U3 (Groundball, 3, EV 91.9 MPH)
Batting: RHB Nick Yorke 0-0: Swinging Strike
0-1: Ball
1-1: Foul Ball, location: 25FF
1-2: Ball
2-2: Ball
3-2: Strikes out swinging
Top of the 7th over - 0 runs, 0 hits, 0 errors, 0 left on base; Chattanooga 0 - Jacksonville 3
BOTTOM OF THE 7TH
Jacksonville Jumbo Shrimp batting - Pitching for Chattanooga Lookouts : RHP Enrique Llaque
Batting: RHB Zach Neto 0-0: Ball
1-0: Called Strike
1-1: Ball
2-1: Foul Ball, location: 9LSFF
2-2: Strikes out swinging
Batting: SHB Brayan Rocchio 0-0: Swinging Strike
0-1: Swinging Strike
0-2: Ball
1-2: Foul Ball, location: 2F
1-2: Fly out, F1 (Line Drive, P, EV 66.3 MPH)
Batting: RHB Steve Powell 0-0: Ball
1-0: Fly out, F3 (Popup, 3SF, EV 75.6 MPH)
Bottom of the 7th over - 0 runs, 0 hits, 0 errors, 0 left on base; Chattanooga 0 - Jacksonville 3
TOP OF THE 8TH
Chattanooga Lookouts batting - Pitching for Jacksonville Jumbo Shrimp : RHP Ryan Garcia
Now at 1B: Cameron Wiley
Batting: RHB Jordyn Adams 0-0: Ball
1-0: SINGLE (Line Drive, 78S, EV 91.9 MPH)
Batting: LHB Eric Rodriguez 0-0: Grounds into double play, 4-6-3 (Groundball, 4, EV 83.8 MPH)
Batting: SHB Nasim Nunez 0-0: Fly out, F7 (Flyball, 7LS, EV 91.9 MPH)
Top of the 8th over - 0 runs, 1 hit, 0 errors, 0 left on base; Chattanooga 0 - Jacksonville 3
BOTTOM OF THE 8TH
Jacksonville Jumbo Shrimp batting - Pitching for Chattanooga Lookouts : RHP Enrique Llaque
Batting: RHB Matt Neal 0-0: Ball
1-0: Foul Ball, location: 2F
1-1: Called Strike
1-2: Ground out 6-3 (Groundball, 6MS, EV 84.4 MPH)
Batting: RHB Reid Thompson 0-0: Ball
1-0: Swinging Strike
1-1: Ball
2-1: Foul Ball, location: 5F
2-2: Strikes out swinging
Batting: RHB Pedro Ochoa 0-0: Ground out 4-3 (Groundball, 4, EV 84.4 MPH)
Bottom of the 8th over - 0 runs, 0 hits, 0 errors, 0 left on base; Chattanooga 0 - Jacksonville 3
TOP OF THE 9TH
Chattanooga Lookouts batting - Pitching for Jacksonville Jumbo Shrimp : RHP Ryan Garcia
Pitching: LHP Hugh Fisher
Batting: SHB Cal Conley 0-0: Ball
1-0: Called Strike
1-1: Foul Ball, location: 2F
1-2: SOLO HOME RUN (Flyball, 9LD, EV 91.3 MPH), Distance : 354 ft
Batting: RHB Bubba Thompson 0-0: Called Strike
0-1: Ball
1-1: Swinging Strike
1-2: Foul Ball, location: 3F
1-2: SINGLE (Groundball, 6MD, EV 106.3 MPH)
Batting: RHB Will Banfield 0-0: Grounds into double play, 6-4-3 (Groundball, 6, EV 105.0 MPH)
Batting: RHB José Cordero 0-0: Called Strike
0-1: Called Strike
0-2: Ball
1-2: Ball
2-2: Strikes out swinging
Top of the 9th over - 1 run, 2 hits, 0 errors, 0 left on base; Chattanooga 1 - Jacksonville 3
Saturday, April 20th , 2024 - OOTP Baseball 24.11 Build 85